 Dungeon Crawl Stone Soup version 0.27.1-1-g398f81649c (webtiles) character file.

Game seed: 18017026689044685937

2 Descartes the Sneak (level 1, 0/11 HPs)
             Began as a Spriggan Delver on Sept 20, 2021.
             Succumbed to an adder's poison
             ... on level 4 of the Dungeon.
             The game lasted 00:00:34 (76 turns).

Descartes the Sneak (Spriggan Delver)                 Turns: 76, Time: 00:00:35

Health: 0/11       AC:  2    Str:  8    XL:     1   Next: 25%
Magic:  1/2        EV: 17    Int: 11    God:
Gold:   0          SH:  0    Dex: 16    Spells: 0/0 levels left

rFire    . . .     SeeInvis +   a - +0 short sword
rCold    . . .     Faith    .   (shield restricted)
rNeg     . . .     Spirit   +   b - +0 robe
rPois    .         Reflect  .   (helmet restricted)
rElec    .         Harm     .   (no cloak)
rCorr    .         Rampage  .   (gloves unavailable)
Will     .....                  (boots unavailable)
Stlth    ++++......             h - amulet of guardian spirit
HPRegen  0.03/turn              (no ring)
MPRegen  0.08/turn              (no ring)

@: lethally poisoned (0 -> -1), very quick
A: very small, no large weapons, unfitting armour, see invisible, speed 3
a: no special abilities


You were on level 4 of the Dungeon.
You visited 1 branch of the dungeon, and saw 2 of its levels.

Inventory:

Hand Weapons
 a - a +0 short sword (weapon)
Armour
 b - a +0 robe (worn)
Jewellery
 h - an amulet of guardian spirit (around neck)
Wands
 g - a wand of digging (3)
Scrolls
 c - a scroll of fog
 d - a scroll of magic mapping
 e - a scroll of fear
Potions
 f - a potion of haste


   Skills:
 - Level 2.4 Fighting
 + Level 2.2 Short Blades
 + Level 2.7 Dodging
 * Level 7.3 Stealth


You couldn't memorise any spells.
You didn't know any spells.
Your spell library was empty.

Dungeon Overview and Level Annotations

Branches:
Dungeon (5/15)
 Temple: D:4-7

Altars:


Innate Abilities, Weirdness & Mutations

You are very small and have problems with some larger weapons.
You are too small for most types of armour.
You have supernaturally acute eyesight. (SInv)
You cover ground extremely quickly. (Speed+++)


Message History

You start putting on your amulet.
You continue putting on your amulet of guardian spirit. x5
You finish putting on your amulet of guardian spirit.
You feel your power drawn to a protective spirit.
h - an amulet of guardian spirit (around neck)
You open the door.
There is an open door here.
You open the door.
There is an open door here.
You open the door.
Found a chain mail.
There is an open door here.
You open the door.
There is an open door here.
An adder comes into view.
The adder hisses angrily.
You closely miss the adder. The adder completely misses you.
You barely miss the adder. The adder barely misses you.
The adder bites you but does no damage.
You hit the adder but do no damage. The adder bites you.
You closely miss the adder. The adder misses you.
You miss the adder. The adder closely misses you. x2
You miss the adder. The adder misses you.
You miss the adder. The adder bites you.
You are poisoned.
The adder poisons you!
You miss the adder.
You feel sick. The adder bites you.
You hit the adder but do no damage.
* * * LOW HITPOINT WARNING * * *
You feel sick. The adder bites you but does no damage.
The adder closely misses you.
You hit the adder.
The adder is heavily wounded.
* * * LOW HITPOINT WARNING * * *
You feel sick. The adder closely misses you.
You miss the adder.
The adder is heavily wounded.
* * * LOW HITPOINT WARNING * * *
You feel sick. The adder closely misses you.
You die...

...
#..#....####.......
..
#..#....#..#.......
.
#..#....'..#.......
#..#....##'#.......
#..#....#..#.......
...#....'..#.......
...#.<..#..'.......
#####....####.......
##...@..........
#..............
#.....S.###+###
#.......+ #.......#
#.......# #.......#
#########


You could see an adder.

Vanquished Creatures
  A goblin (D:4)
  A kobold (D:4)
2 creatures vanquished.

Notes
Turn   | Place    | Note
-------+----------+-------------------------------------------
     0 | D:5      | Descartes the Spriggan Delver began the quest for the Orb.
     0 | D:5      | Reached XP level 1. HP: 11/11 MP: 2/2
    76 | D:4      | Succumbed to an adder's poison

Illustrated notes

Levels and vault maps discovered:
D:4:      layout_gridville, gammafunk_temple_overflow_elements,
          serial_bayou_pond_e, minmay_crossroads, uniq_menkaure, uniq_natasha,
          uniq_edmund
D:5:      layout_basic, kennysheep_little_box, uniq_crazy_yiuf_cottage,
          uniq_ijyb, uniq_duvessa

Action                   || total
-------------------------++-------
Melee: Short sword       ||    13
 Stab: Sleeping          ||     2
Armor: Robe              ||     2
Dodge: Dodged            ||     9
